 Dungeon Crawl Stone Soup version 0.26.0-10-g1f06aea511 (webtiles) character file.

Game seed: 11022288724950450191

825 Dani the Chopper (level 7, 0/50 HPs)
             Began as a Demonspawn Fighter on Jan 16, 2021.
             Was a Believer of Hepliaklqana.
             Slain by a two-headed ogre
             ... wielding a +0 giant spiked club
              (12 damage)
             ... on level 5 of the Dungeon.
             The game lasted 00:05:37 (3564 turns).

Dani the Chopper (Demonspawn Fighter)               Turns: 3564, Time: 00:05:38

Health: 0/50       AC:  9    Str: 19    XL:     7   Next: 64%
Magic:  13/16      EV:  7    Int:  9    God:    Hepliaklqana [**....]
Gold:   268        SH:  9    Dex: 12    Spells: 6/6 levels left

rFire    . . .     SeeInvis .   s - +0 war axe (vamp)
rCold    . . .     Faith    .   c - +0 kite shield
rNeg     . . .     Spirit   .   b - +0 scale mail
rPois    .         Reflect  .   (no helmet)
rElec    .         Harm     .   q - +0 cloak
rCorr    .         Rampage  .   (no gloves)
Will     .....                  (no boots)
Stlth    ..........             p - amulet of the acrobat
HPRegen  0.16/turn              x - ring of magical power
MPRegen  0.15/turn              (no ring)

@: no status effects
A: reduced essence, icy blue scales 1, spiny 2
a: Renounce Religion, Recall Ancestor, Ancestor Identity


You were on level 5 of the Dungeon.
You worshipped Hepliaklqana.
Hepliaklqana was pleased with you.
You visited 1 branch of the dungeon, and saw 5 of its levels.

You collected 268 gold pieces.

Inventory:

Hand Weapons
 a - a +0 war axe
 s - a +0 vampiric war axe (weapon)
Armour
 b - a +0 scale mail (worn)
 c - a +0 kite shield (worn)
 q - a +0 cloak (worn)
Jewellery
 p - an amulet of the acrobat (around neck)
 x - a ring of magical power (left hand)
Wands
 l - a wand of disintegration (21)
 o - a wand of iceblast (12)
Scrolls
 e - 2 scrolls of fear {unknown}
 h - 4 scrolls of teleportation {unknown}
 j - 9 scrolls of identify {unknown}
 m - 2 scrolls of remove curse {unknown}
 t - 2 scrolls of amnesia {unknown}
 u - a scroll of enchant armour {unknown}
 w - a scroll of immolation {unknown}
Potions
 d - a potion of might
 f - 2 potions of flight {unknown}
 g - 2 potions of lignification {unknown}
 i - 3 potions of haste {unknown}
 k - 2 potions of degeneration {unknown}
 n - 3 potions of curing {unknown}
 r - a potion of brilliance {unknown}
 v - a potion of resistance {unknown}


   Skills:
 + Level 5.2 Fighting
 * Level 5.8 Axes
 - Level 2.6 Armour
 + Level 4.7 Shields


You had 6 spell levels left.
You didn't know any spells.
Your spell library was empty.

Dungeon Overview and Level Annotations

Branches:
Dungeon (5/15)
 Temple: D:4-7

Altars:
Hepliaklqana


Innate Abilities, Weirdness & Mutations

You are partially covered in icy blue scales. (AC +2)
You are mostly covered in sharp spines.
Your life essence is reduced to manifest your ancestor. (-10% HP)


Message History

Tenoch hits the two-headed ogre with a +0 dagger of draining.
There is a stone staircase leading down here.
Tenoch barely misses the two-headed ogre.
Tenoch barely misses the two-headed ogre.
Tenoch gestures at the two-headed ogre while chanting.
The two-headed ogre easily resists.
Tenoch points at the two-headed ogre and mumbles some strange words.
The two-headed ogre easily resists.
An ufetubus comes into view.
The ufetubus shouts!
You slash the ufetubus!
You kill the ufetubus!
You barely miss the two-headed ogre.
The two-headed ogre completely misses you.
You block the two-headed ogre's attack.
You barely miss the two-headed ogre.
The two-headed ogre is lightly wounded.
The two-headed ogre is struck by your spines.
The two-headed ogre hits you with a +0 giant spiked club!
You die...

##.##
#..#####.#
#...# #.##
#(#.# #...
#...# #...
###.#
...##...
#R#
#.....)
#.#
####...
#O#######
#...
#@.......
#[#.
#########
.....
######


You could see the friendly Tenoch the hexer and a two-headed ogre.

Vanquished Creatures
  An ogre (D:3)
  A water moccasin zombie (D:5)
  A water moccasin skeleton (D:4)
  A gnoll shaman (D:5)
  2 orc priests (D:3)
  2 worker ants (D:4)
  2 hound skeletons
  A worker ant zombie (D:5)
  5 gnolls (D:5)
  6 adders
  2 white imps (D:5)
  An ufetubus (D:5)
  An ooze (D:1)
  2 worms
  6 leopard geckos
  13 orcs
  2 ball pythons (D:3)
  4 bats
  2 giant cockroaches
  3 goblins
  7 hobgoblins
  2 jackals (D:1)
  2 kobolds (D:3)
  3 quokkas
  A ball python skeleton (D:4)
  4 frilled lizards
  A leopard gecko skeleton (D:5)
  2 rats
80 creatures vanquished.

Vanquished Creatures (collateral kills)
  An ice beast (D:5)
  An ogre (D:5)
  An orc wizard (D:5)
  An iguana (D:3)
  2 adders (D:4)
  A leopard gecko (D:4)
  An orc (D:3)
  A rat (D:3)
9 creatures vanquished.

Vanquished Creatures (others)
  A hexer (D:5)
1 creature vanquished.

Grand Total: 90 creatures vanquished

Notes
Turn   | Place    | Note
-------+----------+-------------------------------------------
     0 | D:1      | Dani the Demonspawn Fighter began the quest for the Orb.
     0 | D:1      | Reached XP level 1. HP: 18/18 MP: 1/1
    92 | D:1      | Gained mutation: You are partially covered in icy blue
                  | scales. (AC +2) [demonic ancestry]
    92 | D:1      | Reached XP level 2. HP: 24/24 MP: 2/2
   985 | D:2      | Reached XP level 3. HP: 24/29 MP: 3/3
  1644 | D:3      | Reached XP level 4. HP: 18/37 MP: 4/4
  1829 | D:3      | Noticed an ogre
  1839 | D:3      | Killed an ogre
  1840 | D:3      | Gained mutation: You are partially covered in sharp spines.
                  | [demonic ancestry]
  1840 | D:3      | Reached XP level 5. HP: 42/42 MP: 5/5
  1869 | D:3      | Found a faded altar of an unknown god.
  1880 | D:3      | Became a worshipper of Hepliaklqana the Forgotten
  1880 | D:3      | Reached * piety under Hepliaklqana
  2321 | D:3      | Reached XP level 6. HP: 22/43 MP: 6/6
  2868 | D:4      | Reached ** piety under Hepliaklqana
  2906 | D:4      | Remembered your ancestor Tenoch as a hexer
  3006 | D:5      | Entered Level 5 of the Dungeon
  3014 | D:5      | Reached skill level 5 in Axes
  3019 | D:5      | Gained mutation: You are mostly covered in sharp spines.
                  | [demonic ancestry]
  3019 | D:5      | Reached XP level 7. HP: 47/49 MP: 7/7
  3065 | D:5      | Noticed a two-headed ogre
  3361 | D:5      | Reached skill level 5 in Fighting
  3564 | D:5      | Slain by a two-headed ogre

Illustrated notes

Levels and vault maps discovered:
D:1:      dpeg_arrival_rooms_c, layout_basic
D:2:      layout_loops_ring, minmay_misc_feat_tiny
D:3:      layout_basic, chequers_ecumenical_altar_simple,
          palyth_stone_intersect, minmay_between
D:4:      minmay_spotlight, layout_cave_pools
D:5:      layout_loops_ring

Skill      XL: |  1  2  3  4  5  6  7 |
---------------+----------------------+-----
Axes           | 2 3 4 5 |  5.8
Shields        | 3 4 |  4.7
Fighting       | 4 5 |  5.2
Armour         | |  2.6

Action                   |  1- 3 |  4- 6 |  7- 9 || total
-------------------------+-------+-------+-------++-------
Melee: War axe           |   129 |    76 |    40 ||   245
Invok: Ancestor Life: He |       |     1 |       ||     1
 Stab: Confused          |       |     1 |     1 ||     2
Armor: Scale mail        |    81 |    26 |    15 ||   122
Dodge: Dodged            |    49 |    22 |    17 ||    88
Block: Kite shield       |    71 |    42 |    20 ||   133
